 Dungeon Crawl Stone Soup version 0.24.0-123-gd5b16e6ec5 (webtiles) character file.

Game seed: 6496235181771810846, levelgen mode: deterministic

23365 Chiseanne the Destroyer (level 12, -5/74 HPs)
             Began as a Demonspawn Wizard on Jan 21, 2020.
             Was a Priest of Vehumet.
             Killed from afar by a shock serpent (7 damage)
             ... with an electric aura
             ... on level 14 of the Dungeon.
             The game lasted 00:57:15 (19409 turns).

Chiseanne the Destroyer (Demonspawn Wizard)        Turns: 19409, Time: 00:57:16

Health: -5/74      AC:  9    Str:  7    XL:     12   Next: 71%
Magic:  0/27       EV: 11    Int: 28    God:    Vehumet [***...]
Gold:   277        SH:  0    Dex: 12    Spells: 10/34 levels left

rFire    + . .     SeeInvis .   s - +3 spear (venom)
rCold    . . .     Gourm    .   (no shield)
rNeg     + . .     Faith    .   v - +0 troll leather armour
rPois    .         Spirit   +   Q - +1 hat
rElec    .         Reflect  .   q - +1 cloak
rCorr    .         Harm     .   O - +0 pair of gloves
MR       .....                  r - +0 pair of boots
Stlth    ++........             R - amulet of magic regeneration
HPRegen  0.62/turn              t - ring of positive energy
MPRegen  0.65/turn              Z - +3 ring of intelligence

@: no status effects
A: antennae 1, fire resistance 1, magic shield, magic regeneration
a: Renounce Religion


You were on level 14 of the Dungeon.
You worshipped Vehumet.
Vehumet was most pleased with you.
You were hungry.

You visited 2 branches of the dungeon, and saw 15 of its levels.

You collected 977 gold pieces.
You spent 700 gold pieces at shops.

Inventory:

Hand Weapons
 a - the +9 whip of the Original Sin {slash, rC+ Str+4}
   (You took it off an orc on level 6 of the Dungeon)

   It inflicts extra damage upon your enemies.
   It affects your strength (+4).
   It protects you from cold.
 s - a +3 spear of venom (weapon)
Missiles
 b - a throwing net
 c - 47 poisoned darts (quivered)
 h - 5 curare-tipped darts
Armour
 q - a +1 cloak (worn)
 r - a +0 pair of boots (worn)
 v - a +0 troll leather armour (worn)
 I - a scarf of repulsion
 N - a +2 ring mail of poison resistance
 O - a +0 pair of gloves (worn)
 Q - a +1 hat (worn)
Magical Staves
 T - an uncursed staff of fire
Jewellery
 t - a ring of positive energy (left hand)
 C - an uncursed ring of resist corrosion
 D - an uncursed amulet of the acrobat
 M - a +2 amulet of reflection
 R - an amulet of magic regeneration (around neck)
 V - an uncursed ring of fire
 Z - a +3 ring of intelligence (right hand)
Wands
 l - a wand of scattershot (4)
 x - a wand of flame (12)
 A - a wand of paralysis (22)
 F - a wand of clouds (1)
 H - a wand of disintegration (10)
 L - a wand of digging (3)
 S - a wand of acid (13)
Scrolls
 e - a scroll of remove curse
 i - 6 scrolls of teleportation
 k - 2 scrolls of fog
 u - 3 scrolls of blinking
 y - 5 scrolls of identify
 B - 3 scrolls of fear
 J - a scroll of amnesia
 W - a scroll of magic mapping
Potions
 f - 7 potions of curing
 g - 4 potions of heal wounds
 j - 2 potions of cancellation
 m - a potion of might
 o - a potion of invisibility {unknown}
 w - 4 potions of brilliance
 z - a potion of resistance
 E - 3 potions of lignification
 K - a potion of ambrosia
 P - 2 potions of flight
 X - a potion of haste
Comestibles
 d - 32 rations


   Skills:
 - Level 1.7 Dodging
 - Level 1.7 Stealth
 - Level 11.7 Spellcasting
 - Level 12.3 Conjurations
   Level 1.0 Summonings
 - Level 0.8 Translocations
 * Level 11.3 Fire Magic


You had 10 spell levels left.
You knew the following spells:

 Your Spells              Type           Power        Failure   Level  Hunger
a - Stone Arrow           Conj/Erth      ######       1%          3    None
b - Blink                 Tloc           N/A          5%          2    None
c - Lightning Bolt        Conj/Air       ######....   3%          5    ###....
d - Mephitic Cloud        Conj/Pois/Air  #####...     1%          3    None
e - Ignition              Fire           ######....   58%         8    #######
f - Conjure Flame         Conj/Fire      ######..     1%          3    None

Your spell library contained the following spells:

 Spells                   Type           Power        Failure   Level  Hunger
 Inner Flame              Hex/Fire       #####...     1%          3    None
 Magic Dart               Conj           ####         1%          1    None
 Sandblast                Erth           ###...       1%          1    None
 Static Discharge         Conj/Air       ######..     1%          3    None
 Call Imp                 Summ           ###.....     4%          2    None
 Passwall                 Tmut/Erth      ###.....     8%          2    None
 Slow                     Hex            ###.....     8%          2    None
 Lee's Rapid Deconstruct  Erth           ###.......   32%         5    ###....
 Petrify                  Tmut/Erth      ###.....     45%         4    None
 Shatter                  Erth           ###.......   100%        9    #######
 Tornado                  Air            ###.......   100%        9    #######


Dungeon Overview and Level Annotations

Branches:
Dungeon (14/15)            Temple (1/1) D:5            Lair (0/6) D:9
    Orc (0/2) D:9          Vaults (0/5) D:14

Altars:
Ashenzari
Cheibriados
Dithmenos
Elyvilon
Fedhas
Gozag
Hepliaklqana
Kikubaaqudgha
Makhleb
Nemelex Xobeh
Okawaru
Qazlal
Ru
Sif Muna
Trog
Uskayaw
Vehumet
Wu Jian
Xom
Yredelemnul
Zin
The Shining One

Shops:
D:4 %   D:8 ?   D:10 :}*

Annotations:
D:6 exclusion: upstairs


Innate Abilities, Weirdness & Mutations

You have a pair of small antennae on your head.
Your flesh is heat resistant. (rF+)
When hurt, damage is shared between your health and your magic reserves.
You regenerate magic rapidly.


Message History

Confirm with . or Enter, or press ? or * to list all spells.
Aiming: Stone Arrow (safe; 1% risk of failure)
Press: ? - help, Shift-Dir - straight line, f - shock serpent
Aim: a shock serpent shaped shifter (flame, moderately wounded, poisoned)
The stone arrow hits the shock serpent!!
The shock serpent is severely wounded.
The shock serpent's electric aura discharges, shocking you!
* * * LOW HITPOINT WARNING * * *
The shock serpent is engulfed in blazing flames.
The shock serpent bites you.
* * * LOW HITPOINT WARNING * * *
The shock serpent shocks you!
* * * LOW HITPOINT WARNING * * *
The shock serpent's electric aura discharges, shocking you!
* * * LOW HITPOINT WARNING * * *
The shock serpent is engulfed in blazing flames.
You kill the shock serpent!
Vehumet accepts your kill.
The air sparks with electricity, shocking you!
You die...

#.# #...### #.#
+...'.. #.# #...#..
#.# #...##. #.#
###.....####. #.#
#........ {#. #)#
#.#....... #. ####§#
#.#.....s..#. #..@.#
#<#........#. #.####
#...#.#s.....
##.######.....#∩N....
#.....†..t..# ...#
##########......(...
..#(#.#... ..........
..... # ######


There were no monsters in sight!

Vanquished Creatures
  Gastronok (D:9)
  2 two-headed ogres
  A shock serpent (shapeshifter) (D:14)
  2 unseen horrors
  A harpy (shapeshifter) (D:14)
  A deep elf mage (D:14)
  5 ugly things
  2 manticores (D:12)
  A salamander (shapeshifter) (D:14)
  3 cyclopes
  A gargoyle (D:14)
  5 trolls
  A hornet (D:11)
  2 hippogriffs
  Sigmund (D:6)
  A water elemental (D:12)
  16 yaks
  A tarantella (shapeshifter) (D:14)
  A wraith (D:14)
  A wyvern (D:10)
  2 basilisks
  2 steam dragons
  4 hungry ghosts
  Menkaure (D:4)
  Edmund (D:5)
  Duvessa (D:5)
  An acid dragon (D:11)
  4 sky beasts
  9 ice beasts
  5 orc warriors
  2 black bears
  2 phantoms
  5 ogres
  11 centaurs
  2 crocodiles
  A big kobold (D:12)
  6 bullfrogs
  5 scorpions
  Dowan (D:5)
  11 killer bees
  3 wights (D:8)
  3 howler monkeys
  An electric eel (D:12)
  A crimson imp (D:13)
  A bullfrog zombie (D:12)
  2 centaur zombies
  A quasit (D:11)
  2 jellies
  4 centaur skeletons
  7 hounds
  5 orc priests
  A bullfrog skeleton (D:12)
  6 orc wizards
  6 iguanas
  13 worker ants
  A killer bee zombie (D:8)
  A bullfrog simulacrum (D:11)
  A hound zombie (D:6)
  A hound skeleton (D:4)
  7 gnolls
  A worker ant zombie (D:11)
  17 adders
  4 shadow imps
  2 oozes (D:5)
  2 adder skeletons
  An adder zombie (D:7)
  5 worms
  A dart slug (D:1)
  3 leopard geckos
  47 orcs
  3 ball pythons
  3 bats
  7 giant cockroaches
  12 goblins
  9 hobgoblins
  9 jackals
  16 kobolds
  10 quokkas
  4 frilled lizards
  A leopard gecko skeleton (D:5)
  A quokka skeleton (D:6)
  28 rats
378 creatures vanquished.

Vanquished Creatures (collateral kills)
  A deep elf mage (D:13)
  A crimson imp (D:13)
2 creatures vanquished.

Vanquished Creatures (others)
  An orc (D:10)
  2 plants (D:12)
3 creatures vanquished.

Grand Total: 383 creatures vanquished

Notes
Turn   | Place    | Note
-------+----------+-------------------------------------------
     0 | D:1      | Chiseanne the Demonspawn Wizard began the quest for the
                  | Orb.
     0 | D:1      | Reached XP level 1. HP: 13/13 MP: 4/4
   495 | D:1      | Gained mutation: When hurt, damage is shared between your
                  | health and your magic reserves. [demonic ancestry]
   495 | D:1      | Reached XP level 2. HP: 18/19 MP: 0/6
  1034 | D:1      | Reached skill level 2 in Conjurations
  1332 | D:1      | Gained mutation: Your flesh is heat resistant. (rF+)
                  | [demonic ancestry]
  1332 | D:1      | Reached XP level 3. HP: 24/24 MP: 0/8
  2103 | D:2      | Learned a level 2 spell: Blink
  2107 | D:2      | Learned a level 3 spell: Conjure Flame
  2111 | D:2      | Learned a level 3 spell: Mephitic Cloud
  2684 | D:2      | Reached XP level 4. HP: 30/30 MP: 2/9
  3125 | D:3      | Reached skill level 3 in Conjurations
  3811 | D:3      | Gained mutation: You have a pair of small antennae on your
                  | head. [demonic ancestry]
  3811 | D:3      | Reached XP level 5. HP: 35/35 MP: 11/11
  4689 | D:3      | Reached skill level 4 in Conjurations
  5016 | D:4      | Found Madeqael's Food Boutique.
  5110 | D:4      | Reached skill level 5 in Spellcasting
  5110 | D:4      | Reached XP level 6. HP: 36/41 MP: 5/13
  5557 | D:4      | Noticed Menkaure
  5575 | D:4      | Killed Menkaure
  5575 | D:4      | Reached skill level 5 in Conjurations
  5940 | D:5      | Entered Level 5 of the Dungeon
  5946 | D:5      | Noticed an ice beast
  5959 | D:5      | Noticed Edmund
  6239 | D:4      | Gained mutation: You regenerate magic rapidly. [demonic
                  | ancestry]
  6239 | D:4      | Reached XP level 7. HP: 44/46 MP: 11/15
  6413 | D:5      | Found a staircase to the Ecumenical Temple.
  6655 | D:5      | Killed Edmund
  6655 | D:5      | Reached skill level 6 in Conjurations
  6810 | D:5      | Noticed Dowan
  6814 | D:5      | Noticed Duvessa
  6824 | D:5      | Killed Dowan
  6828 | D:5      | Killed Duvessa
  6828 | D:5      | Reached XP level 8. HP: 50/52 MP: 2/18
  7252 | D:6      | Reached skill level 7 in Conjurations
  7332 | D:6      | Noticed Sigmund
  7381 | D:6      | Killed Sigmund
  7554 | D:6      | Identified the +9 whip of the Original Sin {slash, rC+
                  | Str+4}
  7957 | D:5      | Reached skill level 8 in Conjurations
  8195 | D:6      | Reached XP level 9. HP: 57/57 MP: 10/21
  8486 | D:6      | Found a white marble altar of Elyvilon.
  8486 | D:6      | Found a hazy altar of Hepliaklqana.
  9213 | D:7      | Reached skill level 9 in Conjurations
 10236 | Temple   | Entered the Ecumenical Temple
 10619 | D:8      | Found Koavis's Magic Scroll Shoppe.
 10718 | D:8      | Found a flagged portal.
 10747 | D:8      | Reached skill level 10 in Conjurations
 10798 | D:8      | Found a bloodstained altar of Trog.
 10798 | D:8      | Found a glowing silver altar of Zin.
 10798 | D:8      | Found a shimmering altar of Xom.
 10798 | D:8      | Found an ancient bone altar of Kikubaaqudgha.
 10840 | D:8      | Found a blossoming altar of Fedhas.
 10840 | D:8      | Found a shadowy altar of Dithmenos.
 11054 | D:8      | Reached XP level 10. HP: 63/63 MP: 13/23
 11406 | D:9      | Found a radiant altar of Vehumet.
 11413 | D:9      | Became a worshipper of Vehumet
 11477 | D:9      | Reached skill level 10 in Spellcasting
 11962 | D:9      | Found a staircase to the Lair.
 12125 | D:9      | Found a staircase to the Orcish Mines.
 12540 | D:9      | Noticed Gastronok
 12563 | D:9      | Killed Gastronok
 12563 | D:9      | Reached skill level 11 in Conjurations
 12904 | D:9      | Found a blossoming altar of Fedhas.
 12928 | D:9      | Found a sparkling altar of Nemelex Xobeh.
 13105 | D:10     | Entered Level 10 of the Dungeon
 13269 | D:10     | Found Rinuzec's General Store.
 13416 | D:10     | Found Orano's Gadget Shoppe.
 13495 | D:10     | Found Cipusut's Book Emporium.
 14125 | D:11     | Reached * piety under Vehumet
 14125 | D:11     | Offered knowledge of Flame Tongue by Vehumet.
 14125 | D:11     | Reached XP level 11. HP: 42/68 MP: 24/26
 14520 | D:11     | Noticed a white ugly thing
 14524 | D:11     | Noticed a brown ugly thing
 14532 | D:11     | Killed a brown ugly thing
 14532 | D:11     | Reached skill level 12 in Conjurations
 14582 | D:11     | Killed a brown ugly thing
 14621 | D:11     | Paralysed by a hornet for 3 turns
 14937 | D:10     | Bought a book of the Tempests for 700 gold pieces
 14950 | D:10     | Learned a level 8 spell: Ignition
 14954 | D:10     | Learned a level 3 spell: Stone Arrow
 15166 | D:11     | Noticed a green ugly thing
 15184 | D:11     | Killed a green ugly thing
 15184 | D:11     | Reached skill level 1 in Fire Magic
 15271 | D:11     | Noticed a two-headed ogre
 15284 | D:11     | Killed a two-headed ogre
 15809 | D:12     | Found an opulent altar of Gozag.
 15878 | D:12     | Killed an unseen horror
 15878 | D:12     | Offered knowledge of Searing Ray by Vehumet.
 15878 | D:12     | Reached skill level 5 in Fire Magic
 16213 | D:11     | Reached ** piety under Vehumet
 16287 | D:12     | Noticed a brown ugly thing
 16303 | D:12     | Killed a brown ugly thing
 17281 | D:12     | Offered knowledge of Inner Flame by Vehumet.
 17291 | D:12     | Learned a level 5 spell: Lightning Bolt
 17474 | D:13     | Noticed a purple ugly thing
 17484 | D:13     | Killed a purple ugly thing
 17627 | D:13     | Reached XP level 12. HP: 74/74 MP: 8/27
 18221 | D:13     | Reached *** piety under Vehumet
 18591 | D:14     | Found a gate to the Vaults.
 18601 | D:14     | Noticed a two-headed ogre
 18636 | D:14     | Reached skill level 10 in Fire Magic
 18814 | D:14     | Found a glowing silver altar of Zin.
 18814 | D:14     | Noticed an angel
 19394 | D:14     | Noticed a spark wasp
 19395 | D:14     | Noticed a seven-headed hydra
 19395 | D:14     | a spark wasp changed into a seven-headed hydra
 19396 | D:14     | Noticed a spark wasp
 19396 | D:14     | a seven-headed hydra changed into a spark wasp
 19397 | D:14     | a spark wasp changed into a deep troll
 19403 | D:14     | Killed a two-headed ogre
 19409 | D:14     | HP: 2/74 [shock serpent (glowing shapeshifter)/electric
                  | aura (7)]
 19409 | D:14     | Killed from afar by a shock serpent

Levels and vault maps discovered:
D:1:      dpeg_arrival_connections, layout_rooms
D:2:      layout_loops_ring
D:3:      layout_rooms, serial_glass, glass_columns_a, glass_columns_b,
          minmay_rat_hole
D:4:      layout_cave_pods, serial_shops, shop, first_ration, item_on_display_b,
          uniq_menkaure
D:5:      layout_basic, minmay_temple_entry_from_below_a, uniq_edmund,
          uniq_duvessa
D:6:      layout_cave_pools, gammafunk_temple_overflow_statue,
          grunt_ministairs_4, uniq_sigmund
D:7:      layout_loops_ring
D:8:      layout_rooms, minmay_overflow_temple_hex, enter_bailey_6,
          serial_shops, kennysheep_mini_moat
D:9:      layout_cave_pods, lemuel_crystal_altar, overflow_temple_1_default,
          david_lair_generic, grunt_ogre_cave, fedhas_altar_4, uniq_gastronok
D:10:     layout_roguey [special_room_orc], serial_shops, shop,
          nicolae_shop_statue_plus, nicolae_shop_competitors_out_of_business
D:11:     layout_long_grid, minmay_mirror_moons_of_madness
D:12:     layout_irregular_city, chequers_big_river, grunt_gozag_statues
D:13:     layout_roguey, serial_rivers, chequers_serial_rivers_room_a,
          chequers_serial_rivers_room_b, chequers_serial_rivers_room_b,
          chequers_serial_rivers_micro_d, chequers_serial_rivers_micro_e
D:14:     layout_basic, david_vaults_2, zin_angel,
          hangedman_abyss_or_decor_jellyfish_corner, grunt_ministairs_1
Temple:   minmay_temple_bridge_abc

Skill      XL: |  1  2  3  4  5  6  7  8  9 10 11 12 |
---------------+-------------------------------------+-----
Conjurations   | 2 3 4 5 6 8 10 11 12 | 12.3
Spellcasting   | 4 5 6 8 9 11 | 11.7
Fire Magic     | 7 11 | 11.3
Dodging        | |  1.7
Stealth        | |  1.7
Summonings     | |  1.0
Translocations | |  0.8

Action                   |  1- 3 |  4- 6 |  7- 9 | 10-12 || total
-------------------------+-------+-------+-------+-------++-------
Melee: Dagger            |    21 |       |       |       ||    21
       Short sword       |    21 |     8 |       |       ||    29
       Spear             |       |   105 |   112 |   222 ||   439
       Whip              |       |       |    13 |     6 ||    19
       Staff             |       |       |       |     1 ||     1
Throw: Dart              |       |       |       |    10 ||    10
 Cast: Magic Dart        |   116 |   130 |   430 |   155 ||   831
       Conjure Flame     |     2 |     2 |    12 |    20 ||    36
       Mephitic Cloud    |     2 |     3 |    15 |    60 ||    80
       Blink             |       |     1 |     4 |    13 ||    18
       Stone Arrow       |       |       |       |   172 ||   172
       Lightning Bolt    |       |       |       |    17 ||    17
Evoke: Wand              |       |     1 |     9 |    11 ||    21
  Use: Scroll            |     3 |     3 |    11 |    17 ||    34
       Potion            |       |     2 |       |     1 ||     3
 Stab: Confused          |     1 |       |     6 |    15 ||    22
       Sleeping          |       |     3 |       |       ||     3
       Distracted        |       |     1 |       |     1 ||     2
  Eat: Chunk             |     5 |    11 |    14 |    16 ||    46
       Ration            |       |       |     1 |     3 ||     4
Armor: Robe              |    15 |    23 |    45 |    15 ||    98
       Steam dragon scal |       |       |       |    82 ||    82
       Troll leather arm |       |       |       |     3 ||     3
Dodge: Dodged            |    40 |    83 |   160 |   191 ||   474
